 Dungeon Crawl Stone Soup version 0.28.0-53-g5a82cb258f (webtiles) character file.

Game seed: 14083049708512236906

11785 issech the Slicer (level 11, -5/90 HPs)
             Began as a Minotaur Monk on June 21, 2022.
             Was a Priest of Hepliaklqana.
             Killed from afar by a gargoyle (11 damage)
             ... with a stone arrow
             ... on level 10 of the Dungeon.
             The game lasted 00:30:38 (12075 turns).

issech the Slicer (Minotaur Monk)                  Turns: 12075, Time: 00:30:39

Health: -5/90      AC: 17    Str: 16    XL:     11   Next: 53%
Magic:  1/1        EV:  8    Int:  7    God:    Hepliaklqana [***...]
Gold:   877        SH:  0    Dex: 23    Spells: 10/10 levels left

rFire   . . .      SeeInvis .   j - +8 rapier of Zolikuat {flame, rC+ rCorr MP-9 Dex+6}
rCold   + . .      Faith    .   (no shield)
rNeg    . . .      Spirit   .   f - +0 plate armour
rPois   +          Reflect  .   (helmet restricted)
rElec   .          Harm     .   L - +1 cloak
rCorr   +          Rampage  .   (no gloves)
Will    .....                   (no boots)
Stlth   ..........              x - amulet of magic regeneration
HPRegen 0.25/turn               n - ring of poison resistance
MPRegen 0.47/turn               a - ring of poison resistance

@: about to teleport
A: reduced essence, horns 2, retaliatory headbutt
a: Renounce Religion, Recall Ancestor, Ancestor Identity, Transference


You were on level 10 of the Dungeon.
You worshipped Hepliaklqana.
Hepliaklqana was most pleased with you.
You visited 2 branches of the dungeon, and saw 11 of its levels.

You collected 877 gold pieces.

Inventory:

Hand Weapons
 c - a +1 hunting sling of freezing
 j - the +8 rapier of Zolikuat (weapon) {flame, rC+ rCorr MP-9 Dex+6}
   (You found it on level 2 of the Dungeon)

   It burns those it strikes, dealing additional fire damage.
   Dex:       It affects your dexterity (+6).
   rC:        It protects you from cold.
   MP:        It affects your magic capacity (-9).
   rCorr:     It protects you from acid and corrosion.
 u - a +2 hunting sling of flaming
 G - a +0 glaive
 Y - a +1 shortbow of flaming
Missiles
 d - 215 stones (quivered)
 h - 100 sling bullets
 m - 25 poisoned darts
 p - 2 boomerangs
 q - 6 atropa-tipped darts
 v - 5 boomerangs of dispersal
 B - 83 arrows
 N - 4 javelins
 Q - 8 bolts
Armour
 f - a +0 plate armour (worn)
 y - an orb of wrath
 A - +0 steam dragon scales
 L - a +1 cloak (worn)
Jewellery
 a - a ring of poison resistance (right hand)
 n - a ring of poison resistance (left hand)
 x - an amulet of magic regeneration (around neck)
 E - a ring of flight
 H - a ring of wizardry
Wands
 l - a wand of iceblast (8)
 t - a wand of digging (9)
 J - a wand of mindburst (20)
 M - a wand of flame (23)
 U - a wand of acid (1)
Scrolls
 b - 3 scrolls of blinking
 e - 4 scrolls of identify
 i - a scroll of holy word
 r - 2 scrolls of fear
 s - 2 scrolls of enchant armour
 I - a scroll of teleportation
 O - a scroll of amnesia {unknown}
 X - a scroll of enchant weapon
 Z - a scroll of fog
Potions
 g - 9 potions of curing
 k - 3 potions of magic {unknown}
 o - a potion of might {unknown}
 w - 4 potions of heal wounds {unknown}
 z - a potion of haste {unknown}
 D - 3 potions of attraction {unknown}
 F - a potion of berserk rage {unknown}
 K - a potion of mutation {unknown}
 S - a potion of lignification {unknown}
 T - 3 potions of degeneration {unknown}
Miscellaneous
 C - a phial of floods


   Skills:
 + Level 10.5 Fighting
 + Level 11.7 Short Blades
 + Level 4.3(4.7) Axes
 + Level 2.6(3.8) Maces & Flails
 + Level 7.9 Slings
 + Level 11.1 Armour
 + Level 4.0 Dodging
 + Level 2.7 Stealth


You had 10 spell levels left.
You didn't know any spells.
Your spell library contained the following spells:

 Spells                   Type           Power      Damage    Failure   Level
 Beastly Appendage        Tmut           0%         N/A       100%        1
 Wereblood                Tmut           0%         N/A       100%        2
 Spider Form              Tmut/Pois      0%         N/A       100%        3


Dungeon Overview and Level Annotations

Branches:
Dungeon (10/15)            Temple (1/1) D:7            Lair (0/6) D:9
    Orc: D:9-12

Altars:
Ashenzari
Cheibriados
Dithmenos
Elyvilon
Fedhas
Gozag
Hepliaklqana
Kikubaaqudgha
Makhleb
Nemelex Xobeh
Okawaru
Qazlal
Ru
Sif Muna
Trog
Uskayaw
Vehumet
Wu Jian
Xom
Yredelemnul
Zin
The Shining One

Shops:
D:9 (

Annotations:
D:9 1 runed translucent door, exclusion: 4 orange crystal statues


Innate Abilities, Weirdness & Mutations

Your life essence is reduced to manifest your ancestor. (-10% HP)
You have a pair of horns on your head.
You reflexively headbutt those who attack you in melee.


Message History

The gargoyle is lightly damaged.
The two-headed ogre completely misses you.
You furiously retaliate!
You headbutt the two-headed ogre!
The two-headed ogre hits you with a +0 giant club.
The gargoyle hits you with a +0 morningstar!
You puncture the gargoyle! You burn the gargoyle. You headbutt the gargoyle.
The gargoyle is heavily damaged.
Unknown command.
You closely miss the gargoyle.
The gargoyle is heavily damaged.
The gargoyle hurls a stone arrow at you.
The stone arrow hits you!!
* * * LOW HITPOINT WARNING * * *
The two-headed ogre barely misses you. The two-headed ogre closely misses you.
You hit the gargoyle but do no damage.
The gargoyle is heavily damaged.
The gargoyle hits you but does no damage.
Unknown command.
You hit the gargoyle but do no damage.
The gargoyle is heavily damaged.
The two-headed ogre closely misses you.
The two-headed ogre hits you with a +0 giant club.
* * * LOW HITPOINT WARNING * * *
Unknown command.
Okay, then.
As you read the scroll of teleportation, it crumbles to dust.
You feel strangely unstable.
The gargoyle hurls a stone arrow at you.
The stone arrow misses you.
The stone arrow hits Mbali!!
Mbali is destroyed!
You hit the gargoyle but do no damage.
You headbutt the gargoyle, but do no damage.
The gargoyle is heavily damaged.
The two-headed ogre hits you with a +0 giant club!
* * * LOW HITPOINT WARNING * * *
The two-headed ogre hits you with a +0 giant club.
* * * LOW HITPOINT WARNING * * *
The gargoyle hurls a stone arrow at you.
The stone arrow hits you!
You die...

#....#
#.##########.##.#
#.†..## #.#.#
###..#.##.## #.....#
#.#.###.).)'.##.#.
#.....##
.###.##.#..###.##.
#......#
#.#.#.##.######.#..
.......##
.##.##.##...##.##..
#.......#
#.#(.!#.####.##.#...
#.......##
#.###O###.##.##.##[##
####+##..#
#..9@.....##.##......
.....###.#
########+##'##'######
.....+...##
#.##........
.....#....#
##.##..#.#.#.
.....#....##
#...##..[....
.....#.....#
##.#)##..#.#..
####.#.....##
#.#.#.##.....#
.....+......#
##.....##..#..#
.....#......##
#.......##...##


You could see a two-headed ogre and a gargoyle.

Vanquished Creatures
  An ogre mage (D:10)
  Pikel (D:6)
  2 centaur zombies (D:10)
  A komodo dragon (D:10)
  An unseen horror (D:10)
  A wraith (D:10)
  A shadow (D:10)
  Sigmund (D:6)
  A wyvern (D:8)
  2 humans (D:10)
  13 yaks
  A steam dragon (D:8)
  An acid dragon (D:10)
  4 water moccasins
  3 orc warriors (D:10)
  2 sky beasts (D:6)
  3 black bears (D:6)
  An ice beast (D:6)
  2 necrophages
  5 ogres
  A centaur (D:10)
  3 phantoms
  3 bullfrogs
  2 water moccasin zombies (D:5)
  10 scorpions
  A killer bee (D:9)
  4 wights (D:7)
  4 howler monkeys
  A crimson imp (D:9)
  A bullfrog zombie (D:4)
  4 jellies
  5 hounds
  2 centaur skeletons (D:6)
  2 orc priests (D:9)
  2 bullfrog skeletons (D:4)
  A gnoll shaman (D:7)
  A scorpion zombie (D:5)
  3 iguanas (D:6)
  8 orc wizards
  A killer bee zombie (D:6)
  A hound skeleton (D:4)
  4 howler monkey zombies
  2 howler monkey skeletons
  4 adders
  10 gnolls
  A shadow imp (D:6)
  2 white imps
  An ufetubus (D:5)
  An adder zombie (D:5)
  2 worms
  2 dart slugs
  24 orcs
  3 bats
  9 endoplasms
  9 giant cockroaches
  3 goblins
  4 hobgoblins
  2 jackals (D:3)
  A quokka (D:3)
  11 ball pythons
  6 frilled lizards
  9 kobolds
  6 rats
  A butterfly (D:7)
224 creatures vanquished.

Vanquished Creatures (collateral kills)
  A troll (D:10)
  A meliai zombie (D:10)
  A wyvern (D:10)
  5 yaks
  2 steam dragons (D:10)
  A wyvern zombie (D:8)
  2 killer bees (D:9)
  2 howler monkeys
  3 crimson imps (D:9)
  A gnoll shaman (D:9)
  An orc priest (D:10)
  2 orc wizards
  A gnoll (D:9)
  A howler monkey simulacrum (D:10)
  3 orcs
27 creatures vanquished.

Vanquished Creatures (others)
  A battlemage (D:10)
  A plant (D:9)
2 creatures vanquished.

Grand Total: 253 creatures vanquished

Notes
Turn   | Place    | Note
-------+----------+-------------------------------------------
     0 | D:1      | issech the Minotaur Monk began the quest for the Orb.
     0 | D:1      | Reached XP level 1. HP: 19/19 MP: 0/0
   210 | D:1      | Reached XP level 2. HP: 16/27 MP: 1/1
   414 | D:1      | Found a faded altar of an unknown god.
  1273 | D:2      | Reached XP level 3. HP: 30/34 MP: 2/2
  1352 | D:2      | Reached skill level 1 in Maces & Flails
  1584 | D:2      | Found a shimmering altar of Xom.
  1645 | D:2      | Identified the +8 rapier of Zolikuat {flame, rC+ rCorr MP-9
                  | Dex+6}
  2034 | D:3      | Reached skill level 1 in Armour
  2034 | D:3      | Reached XP level 4. HP: 41/41 MP: 0/3
  2163 | D:3      | Noticed a water moccasin
  2172 | D:3      | Killed a water moccasin
  2173 | D:3      | Reached skill level 1 in Slings
  2173 | D:3      | Reached XP level 5. HP: 12/47 MP: 0/4
  2590 | D:3      | Reached skill level 1 in Short Blades
  2771 | D:3      | Reached skill level 5 in Fighting
  2833 | D:3      | Reached XP level 6. HP: 43/56 MP: 0/5
  3525 | D:4      | Reached XP level 7. HP: 56/61 MP: 0/6
  3653 | D:4      | Found an ornate altar of the Wu Jian Council.
  3661 | D:4      | Noticed a spectral centipede
  3661 | D:4      | Noticed a spectral black mamba
  3661 | D:4      | Noticed a spectral cane toad
  3712 | D:4      | You fall into a shaft and drop 1 floor!
  3712 | D:5      | Entered Level 5 of the Dungeon
  3896 | D:5      | Reached skill level 5 in Short Blades
  4427 | D:5      | Reached XP level 8. HP: 60/70 MP: 7/7
  4847 | D:4      | Reached skill level 5 in Armour
  5434 | D:5      | Found a burning altar of Makhleb.
  5965 | D:6      | Noticed Pikel
  5984 | D:6      | Killed Pikel
  5985 | D:6      | Reached skill level 5 in Slings
  5985 | D:6      | Reached XP level 9. HP: 38/78 MP: 0/8
  6295 | D:6      | Noticed Sigmund
  6313 | D:6      | Killed Sigmund
  7356 | D:7      | Found a runed translucent door.
  7358 | D:7      | Found a runed translucent door.
  7391 | D:7      | Reached XP level 10. HP: 82/88 MP: 0/9
  7956 | D:7      | Found a glowing silver altar of Zin.
  7964 | D:7      | Found a shadowy altar of Dithmenos.
  7968 | D:7      | Found a blossoming altar of Fedhas.
  7986 | D:7      | Found a staircase to the Ecumenical Temple.
  8010 | Temple   | Entered the Ecumenical Temple
  8019 | Temple   | Became a worshipper of Hepliaklqana the Forgotten
  8019 | Temple   | Reached * piety under Hepliaklqana
  8019 | Temple   | Reached ** piety under Hepliaklqana
  8020 | Temple   | Remembered your ancestor Mbali as a battlemage
  9027 | D:9      | Found a runed translucent door.
  9040 | D:9      | Noticed an orange crystal statue
  9047 | D:9      | Found the +10 tower shield of Ignorance {rN+ Int-4}
  9131 | D:9      | Reached skill level 10 in Short Blades
  9362 | D:9      | Found a shimmering altar of Xom.
  9422 | D:9      | Found Eprak's Weapon Boutique.
  9553 | D:9      | Found a staircase to the Lair.
  9816 | D:9      | Found a runed translucent door.
 10008 | D:9      | Noticed an orange crystal statue
 10008 | D:9      | Noticed an orange crystal statue
 10008 | D:9      | Noticed an orange crystal statue
 10044 | D:10     | Entered Level 10 of the Dungeon
 10044 | D:10     | Reached *** piety under Hepliaklqana
 10054 | D:10     | Found an iron altar of Okawaru.
 10517 | D:10     | Reached XP level 11. HP: 57/87 MP: 1/10
 11104 | D:10     | Reached skill level 10 in Armour
 11422 | D:10     | Reached skill level 10 in Fighting
 11897 | D:10     | Found a runed translucent door.
 11897 | D:10     | Found a runed translucent door.
 11897 | D:10     | Noticed an ogre mage
 12004 | D:10     | Killed an ogre mage
 12066 | D:10     | Noticed a two-headed ogre
 12075 | D:10     | Killed from afar by a gargoyle

Illustrated notes

Levels and vault maps discovered:
D:1:      lemuel_arrival_behind_the_door_large, layout_rooms,
          hellmonk_ecumenical_altar_heavens_door, minmay_misc_feat_hallway,
          minmay_tromino_v4_b
D:2:      layout_basic, basic_altar, nrook_campfire, moated_statue
D:3:      minmay_angry_zag, layout_basic, minmay_misc_feat_four_crosses,
          chequers_serial_rivers_micro_c
D:4:      layout_basic, pdpol_wu_jian_five_deadly_venoms,
          kennysheep_generic_room_3
D:5:      minmay_diamond_boxcup, layout_loops_ring,
          mainiacjoe_overflow_cross_hatched
D:6:      layout_rooms, st_stairs_4, minmay_holes, grunt_decor_resistance,
          minmay_alternating_orb, uniq_pikel, uniq_sigmund
D:7:      lemuel_insect_pit, layout_basic, minitemple, minmay_temple_entry_mist
D:8:      layout_loops_ring
D:9:      layout_loops_ring, led_xom_imps, dpeg_oklobed_lair, serial_shops,
          nicolae_shop_trees, chequers_guarded_unrand_ignorance
D:10:     minmay_the_grid_triangle_9x9_rhombus_full
          [minmay_the_grid_triangle_9x9_cache,
          minmay_the_grid_triangle_9x9_tough_junction,
          minmay_the_grid_triangle_9x9_skeleton,
          minmay_the_grid_triangle_9x9_negative_grid,
          minmay_the_grid_triangle_9x9_zippers_horizontal,
          minmay_the_grid_triangle_9x9_stretched_checkered,
          minmay_the_grid_triangle_9x9_windchime,
          minmay_the_grid_triangle_9x9_prize_top_heavy], layout_stronghold,
          okawaru_humans
Temple:   nicolae_temple_no_exploring_needed

Skill      XL: |  1  2  3  4  5  6  7  8  9 10 11 |
---------------+----------------------------------+-----
Axes           | 4 |  4.3
Fighting       | 4 5 6 8 9 10 | 10.5
Maces & Flails | 1 2 |  2.6
Armour         | 1 2 3 4 6 7 9 11 | 11.1
Slings         | 1 2 5 7 |  7.9
Short Blades   | 1 3 6 8 10 11 | 11.7
Stealth        | 2 |  2.7
Dodging        | 4 |  4.0

Action                   |  1- 3 |  4- 6 |  7- 9 | 10-12 || total
-------------------------+-------+-------+-------+-------++-------
Melee: Hand axe          |    17 |       |       |       ||    17
       Headbutt          |     9 |    16 |    32 |    59 ||   116
       Flail             |    31 |       |       |       ||    31
       Rapier            |     5 |    73 |   160 |   239 ||   477
       Punch             |       |       |     5 |     3 ||     8
 Fire: Hunting sling     |    17 |       |    70 |    15 ||   102
Throw: Stone             |       |       |       |     2 ||     2
Invok: Ancestor Life: Ba |       |       |       |     1 ||     1
  Use: Potion            |       |     1 |       |       ||     1
       Scroll            |       |       |       |    11 ||    11
 Stab: Sleeping          |     1 |       |       |       ||     1
       Distracted        |       |       |       |     4 ||     4
Armor: Robe              |     3 |       |       |       ||     3
       Plate armour      |    36 |    45 |   124 |   105 ||   310
Dodge: Dodged            |    27 |    23 |    49 |    64 ||   163
